 Dungeon Crawl Stone Soup version 0.29-a0-23-ga79f92ac9c (webtiles) character file.

Game seed: 14948495133690975769

32 horus123 the Skirmisher (level 3, -2/23 HPs)
             Began as a Deep Elf Fighter on Jan 30, 2022.
             Slain by an adder (3 damage)
             ... on level 2 of the Dungeon.
             The game lasted 00:03:12 (1193 turns).

horus123 the Skirmisher (Deep Elf Fighter)          Turns: 1193, Time: 00:03:13

Health: -2/23      AC:  6    Str: 15    XL:     3   Next: 10%
Magic:  5/5        EV:  8    Int: 12    God:
Gold:   63         SH:  4    Dex: 14    Spells: 2/2 levels left

rFire   . . .      SeeInvis .   a - +0 long sword
rCold   . . .      Faith    .   c - +0 buckler
rNeg    . . .      Spirit   .   b - +0 scale mail
rPois   .          Reflect  .   (no helmet)
rElec   .          Harm     .   (no cloak)
rCorr   .          Rampage  .   (no gloves)
Will    .....                   (no boots)
Stlth   ..........              (no amulet)
HPRegen 0.07/turn               (no ring)
MPRegen 0.09/turn               (no ring)

@: lethally poisoned (-2 -> -6)
A: no striking features
a: no special abilities


You were on level 2 of the Dungeon.
You visited 1 branch of the dungeon, and saw 2 of its levels.

You collected 63 gold pieces.

Inventory:

Hand Weapons
 a - a +0 long sword (weapon)
Armour
 b - a +0 scale mail (worn)
 c - a +0 buckler (worn)
Wands
 g - a wand of paralysis (14)
Potions
 d - a potion of might
 f - a potion of flight


   Skills:
 + Level 3.5 Fighting
 - Level 1.7 Long Blades
 - Level 2.4 Armour
 - Level 2.4 Shields


You had 2 spell levels left.
You didn't know any spells.
Your spell library was empty.

Dungeon Overview and Level Annotations

Branches:
Dungeon (2/15)

Altars:


Message History

You closely miss the adder. The adder bites you.
You are poisoned.
The adder poisons you! The adder bites you but does no damage.
You miss the adder.
You feel sick. The adder closely misses you. The adder barely misses you.
You hit the adder.
The adder is severely wounded.
You feel sick. The adder barely misses you. The adder bites you.
You miss the adder.
The adder is severely wounded.
You feel sick.
You are no longer poisoned.
The adder bites you.
You barely miss the adder.
The adder is severely wounded.
The adder bites you. The adder closely misses you.
You barely miss the adder.
The adder is severely wounded.
You block the adder's attack. The adder bites you but does no damage.
You barely miss the adder.
The adder is severely wounded.
The adder barely misses you.
You completely miss the adder.
The adder is severely wounded.
The adder bites you but does no damage. You block the adder's attack.
You hit the adder but do no damage.
The adder is severely wounded.
You block the adder's attack. The adder barely misses you.
You closely miss the adder.
The adder is severely wounded.
The adder bites you.
* * * LOW HITPOINT WARNING * * *
You are lethally poisoned!
The adder poisons you! The adder bites you.
* * * LOW HITPOINT WARNING * * *
You closely miss the adder.
The adder is severely wounded.
* * * LOW HITPOINT WARNING * * *
You feel sick. The adder bites you.
You die...

................................>
#########.##.########.#####.#####
#.##.# #.......# #.##.# #########
#.##.# #.##.# #### #.##.# ....
#.##.########## ####
#.......@S....# ##
####.########[# .. #.# ## #.# #.#
#.# #.# #.######.# #........#


You could see an adder.

Vanquished Creatures
  2 endoplasms
  A giant cockroach (D:1)
  2 goblins (D:1)
  3 hobgoblins (D:1)
  3 jackals (D:1)
  5 kobolds
  7 ball pythons (D:1)
  A bat (D:1)
  2 frilled lizards (D:1)
  4 rats (D:1)
30 creatures vanquished.

Notes
Turn   | Place    | Note
-------+----------+-------------------------------------------
     0 | D:1      | horus123 the Deep Elf Fighter began the quest for the Orb.
     0 | D:1      | Reached XP level 1. HP: 13/13 MP: 3/3
   266 | D:1      | Reached XP level 2. HP: 18/18 MP: 4/4
   285 | D:1      | Reached skill level 3 in Fighting
   822 | D:1      | Found a faded altar of an unknown god.
   842 | D:1      | Reached XP level 3. HP: 22/23 MP: 5/5
  1193 | D:2      | HP: 1/23 [poisoned by an adder]
  1193 | D:2      | Slain by an adder

Illustrated notes

Levels and vault maps discovered:
D:1:      shiori_arrival_oz, layout_basic, nicolae_ecumenical_snake_handling
D:2:      layout_basic, minmay_unequal

Skill      XL: |  1  2 |
---------------+-------+-----
Fighting       | 3 |  3.5
Long Blades    | |  1.7
Armour         | |  2.4
Shields        | |  2.4

Action                   || total
-------------------------++-------
Melee: Long sword        ||    85
  Use: Scroll            ||     2
Armor: Scale mail        ||    30
Dodge: Dodged            ||    47
Block: Buckler           ||    20

Table legend: (Time is in decaauts)
 A = Elapsed time spent in this place.
 B = Non-inter-level travel time spent in this place.
 C = Inter-level travel time spent in this place.
 D = Time resting spent in this place.
 E = Time spent auto-exploring this place.
 F = Levels seen in this place.
 G = Mean time per level.
                   A        B        C        D        E       F      G
               +--------+--------+--------+--------+--------+-----+--------+
         Total |   1223 |   1200 |     23 |    446 |    462 |   2 |  611.5 |
       Dungeon |   1223 |   1200 |     23 |    446 |    462 |   2 |  611.5 |
               +--------+--------+--------+--------+--------+-----+--------+

Top non-repeatable levels by time:
     D:1: 1002 daAuts
     D:2: 220 daAuts
